 Dungeon Crawl Stone Soup version 0.30.1-4-g462c640d31 (webtiles) character file.

Game seed: 10543933723123771489

51 Bobit the Grasshopper (level 3, -3/31 HPs)
             Began as a Gnoll Warper on Aug 15, 2023.
             Was a Follower of Jiyva.
             Slain by Grinder (8 damage)
             ... on level 2 of the Dungeon.
             The game lasted 00:03:26 (922 turns).

Bobit the Grasshopper (Gnoll Warper)                 Turns: 922, Time: 00:03:27

Health: -3/31      AC:  3    Str: 10    XL:     3   Next: 81%
Magic:  8/9        EV: 13    Int: 12    God:    Jiyva [*.....]
Gold:   64         SH:  0    Dex: 13    Spells: 7/12 levels left

rFire   . . .        a - +0 falchion
rCold   . . .        (no shield)
rNeg    . . .        b - +0 leather armour
rPois   .            (no helmet)
rElec   .            (no cloak)
rCorr   .            (no gloves)
SInv    .            (no boots)
Will    .....        (no amulet)
Stlth   +            (no ring)
HPRegen 1.05/turn    (no ring)
MPRegen 0.36/turn

%: no passive effects
@: no status effects
A: fangs 1, strong nose, distributed training
a: Renounce Religion


You were on level 2 of the Dungeon.
You worshipped Jiyva.
Jiyva was aware of your devotion.
You visited 1 branch of the dungeon, and saw 3 of its levels.

You collected 64 gold pieces.

Inventory:

Hand Weapons
 a - a +0 falchion (weapon)
Missiles
 d - 7 boomerangs of dispersal (quivered)
Armour
 b - a +0 leather armour (worn)
 h - a +0 chain mail
Scrolls
 c - a scroll of blinking
 g - 2 scrolls of enchant armour {unknown}
 i - a scroll of noise {unknown}
 j - a scroll of immolation {unknown}
 l - a scroll of fear {unknown}
 m - a scroll of teleportation {unknown}
 o - 3 scrolls of fog {unknown}
Potions
 e - a potion of haste {unknown}
 f - a potion of curing
 k - a potion of might {unknown}
 n - 2 potions of heal wounds {unknown}


   Skills:
 + Level 4.6 Fighting
 + Level 1.0 Short Blades
 + Level 4.6 Long Blades
 + Level 1.0 Axes
 + Level 1.0 Maces & Flails
 + Level 1.0 Polearms
 + Level 1.0 Staves
 + Level 1.0 Ranged Weapons
 + Level 2.7 Throwing
 + Level 2.7 Armour
 + Level 4.6 Dodging
 + Level 1.0 Stealth
 + Level 1.0 Shields
 + Level 1.0 Unarmed Combat
 + Level 5.0 Spellcasting
 + Level 0.7 Conjurations
 + Level 0.7 Hexes
 + Level 0.7 Summonings
 + Level 0.7 Necromancy
 + Level 5.4 Translocations
 + Level 0.7 Transmutations
 + Level 0.7 Fire Magic
 + Level 0.7 Ice Magic
 + Level 0.7 Air Magic
 + Level 0.7 Earth Magic
 + Level 0.7 Poison Magic
 + Level 1.1 Invocations
 + Level 1.0 Evocations


You had 7 spell levels left.
You knew the following spells:

 Your Spells              Type           Power      Damage    Failure   Level
a - Blink                 Tloc           32%        N/A       4%          2
b - Vhi's Electric Charg  Tloc/Air       20%        N/A       22%         3

Your spell library contained the following spells:

 Spells                   Type           Power      Damage    Failure   Level
 Lesser Beckoning         Tloc           32%        N/A       4%          2
 Teleport Other           Tloc           16%        N/A       9%          3
 Manifold Assault         Tloc           16%        N/A       28%         4


Dungeon Overview and Level Annotations

Branches:
Dungeon (3/15)

Altars:
Jiyva

Shops:
D:1 (?(

Annotations:
D:2 Grinder


Innate Abilities, Weirdness & Mutations

You have very sharp teeth.
Your uncanny sense of smell can sniff out nearby items.
Your experience applies equally to all skills.


Message History

This spell is quite dangerous to cast!
Memorise Vhi's Electric Charge, consuming 3 spell levels and leaving 7?
You start memorising the spell.
You continue memorising.
You feel stable enough to blink again.
You continue memorising.
Magic restored.
You hear a slurping noise.
Grinder blinks!
You continue memorising.
You finish memorising.
Spell assigned to 'b'.
Casting: Blink (safe; 4% risk of failure)
Confirm with . or Enter, or press ? or * to list all spells.
You don't know that spell.
Unknown command.
Casting: Blink (safe; 4% risk of failure)
Confirm with . or Enter, or press ? or * to list all spells.
The spell is quite dangerous to miscast (22% risk of failure)!
Continue anyway?
Charge where?
Press: ? - help, Dir - move target, f - Grinder
Aim: Grinder, carrying a wand of polymorph (1) (lightly wounded, 76% to hit)
You charge forward with an electric crackle!
You closely miss Grinder.
Grinder is lightly wounded.
Grinder gestures at you. Pain shoots through your body!
You barely miss Grinder. You bite Grinder.
Grinder is moderately wounded.
Grinder barely misses you.
You barely miss Grinder.
Grinder is moderately wounded.
Grinder misses you.
You hit Grinder.
Grinder is moderately wounded.
Grinder gestures at you. Pain shoots through your body!
* * * LOW HITPOINT WARNING * * *
You hit Grinder. You bite Grinder, but do no damage.
Grinder is moderately wounded.
Grinder hits you!
You die...

#......##.........'.....
#......##.##......######
#......##.##......#
#..>...##.##......#
#......##.##J.....#
#..........#......#
#..........########
####.......#
######..J@5..#
............##
#############


You could see Grinder and a neutral jelly (wandering) (fellow slime).

Vanquished Creatures
  2 adders (D:2)
  A dart slug (D:3)
  3 endoplasms (D:1)
  4 goblins
  3 hobgoblins
  3 jackals (D:1)
  A quokka (D:2)
  3 ball pythons
  2 bats
  2 frilled lizards (D:1)
  4 kobolds
  2 rats (D:1)
30 creatures vanquished.

Vanquished Creatures (others)
  A jelly (D:2)
  An adder (D:2)
  A ball python (D:2)
  A bat (D:2)
  A goblin (D:2)
  A hobgoblin (D:2)
  A kobold (D:2)
  2 rats (D:2)
9 creatures vanquished.

Grand Total: 39 creatures vanquished

Notes
Turn   | Place    | Note
-------+----------+-------------------------------------------
     0 | D:1      | Bobit the Gnoll Warper began the quest for the Orb.
     0 | D:1      | Reached XP level 1. HP: 20/20 MP: 6/6
   198 | D:1      | Found Fagul's Weapon Shoppe.
   224 | D:1      | Reached XP level 2. HP: 26/26 MP: 7/7
   227 | D:1      | Found Tainazy's Magic Scroll Emporium.
   368 | D:1      | Learned a level 2 spell: Blink
   460 | D:1      | Found a faded altar of an unknown god.
   470 | D:1      | Found Cuuga's Antique Weapon Boutique.
   672 | D:1      | Prayed at the altar of an unknown god.
   672 | D:1      | Became a worshipper of Jiyva Jepsuor the Shapeless
   672 | D:1      | Reached * piety under Jiyva
   708 | D:2      | Reached skill level 5 in Spellcasting
   708 | D:2      | Reached XP level 3. HP: 31/31 MP: 7/9
   753 | D:2      | Reached skill level 1 in Invocations
   838 | D:2      | Reached skill level 1 in Short Blades
   838 | D:2      | Reached skill level 1 in Axes
   838 | D:2      | Reached skill level 1 in Maces & Flails
   838 | D:2      | Reached skill level 1 in Polearms
   838 | D:2      | Reached skill level 1 in Staves
   838 | D:2      | Reached skill level 1 in Ranged Weapons
   838 | D:2      | Reached skill level 1 in Stealth
   838 | D:2      | Reached skill level 1 in Shields
   838 | D:2      | Reached skill level 1 in Unarmed Combat
   838 | D:2      | Reached skill level 1 in Evocations
   878 | D:3      | Noticed Grinder
   884 | D:3      | Paralysed by Grinder for 4 turns
   902 | D:3      | Paralysed by Grinder for 3 turns
   918 | D:2      | Learned a level 3 spell: Vhi's Electric Charge
   922 | D:2      | Slain by Grinder

Illustrated notes

Levels and vault maps discovered:
D:1:      minmay_arrival_arboretum_small, layout_loops_ring,
          shapermc_ecumenical_altar_mp_ritualfount, serial_shops, shop,
          nicolae_shop_advertising_works [nicolae_subvault_shop_adworks],
          nicolae_shop_bloodbath_and_beyond, minmay_hexomino_f4
D:2:      cheibrodos_pilgrimage, layout_basic, kennysheep_generic_room_11
D:3:      layout_rooms, nicolae_dithmenos_shadow_blocks,
          nicolae_wu_jian_glorious_leap, item_on_display_a, uniq_grinder

Skill      XL: |  1  2  3 |
---------------+----------+-----
Spellcasting   | 5 |  5.0
Invocations    | 1 |  1.1
Short Blades   | 1 |  1.0
Axes           | 1 |  1.0
Maces & Flails | 1 |  1.0
Polearms       | 1 |  1.0
Staves         | 1 |  1.0
Ranged Weapons | 1 |  1.0
Stealth        | 1 |  1.0
Shields        | 1 |  1.0
Unarmed Combat | 1 |  1.0
Evocations     | 1 |  1.0
Fighting       | |  4.6
Long Blades    | |  4.6
Throwing       | |  2.7
Armour         | |  2.7
Dodging        | |  4.6
Conjurations   | |  0.7
Hexes          | |  0.7
Summonings     | |  0.7
Necromancy     | |  0.7
Translocations | |  5.4
Transmutations | |  0.7
Fire Magic     | |  0.7
Ice Magic      | |  0.7
Air Magic      | |  0.7
Earth Magic    | |  0.7
Poison Magic   | |  0.7

Action                     || total
---------------------------++-------
  Melee: Falchion          ||   124
         Bite              ||    14
   Cast: Blink             ||     1
         Vhi's Electric Ch ||     1
   Stab: Distracted        ||     1
 Armour: Leather armour    ||    30
  Dodge: Dodged            ||    93
